AoeStats
← TSAO BING

Hideout

503444497Analyzed
4v4 RM · 1mo ago on Aug 31, 2026· 44m 12s· 8 players
Game mode
Random Map
Map size
Large (8 player)
Population
200
Speed
Normal
Resources
Standard
Victory
Conquest
Starting age
Dark Age
Ending age
Imperial Age
RankedLock teamsTeams togetherTeam positionsShared explorationLock speedFull tech treeHidden civsTurbo modeCheats
Victory
Defeat
🇨🇳 Muisca · China
1838
+5
🇩🇪 Bohemians · Germany
1771
+7
🇹🇷 Khmer · Türkiye
1620
+12
🇧🇷 Chinese · Brazil
1576
+14
🇹🇼 Poles · Taiwan
1598
-11
🇹🇼 Khmer · Taiwan
1582
-11
🇦🇷 Ethiopians · Argentina
1503
-8
🇹🇼 Persians · Taiwan
1458
-6
p1c0
0:26 Loom
10:38 Feudal Age
14:56 Castle Age
12:59 Double-Bit Axe
13:33 Fletching
14:08 Padded Archer Armor
15:46 Bodkin Arrow
17:47 Ballistics
19:28 Leather Archer Armor
24:42 Thumb Ring
28:19 Wheelbarrow
27:26 Horse Collar
34:29 Imperial Age
32:20 Gold Mining
32:32 Heavy Plow
34:08 Masonry
34:25 Bow Saw
35:09 Gold Shaft Mining
35:11 Bracer
36:14 Chemistry
35:47 Conscription
37:49 Rocketry
38:23 Hand Cart
38:45 Elite Chu Ko Nu
41:13 Coinage
41:04 Caravan
42:02 Architecture
Obuk
10:04 Feudal Age
13:43 Castle Age
11:33 Horse Collar
11:46 Double-Bit Axe
11:48 Horse Collar
14:36 Heavy Plow
15:27 Fervor
20:34 Wheelbarrow
20:11 Loom
21:13 Bow Saw
21:38 Hand Cart
23:08 Sanctity
22:57 Scale Mail Armor
22:50 Pikeman
23:43 Forging
24:38 Chain Mail Armor
24:30 Squires
25:42 Iron Casting
26:33 Arson
30:05 Imperial Age
29:05 Chemistry
29:10 Treadmill Crane
30:50 Ballistics
30:08 Halberdier
31:59 Plate Mail Armor
31:55 Conscription
33:24 Padded Archer Armor
34:25 Blast Furnace
36:53 Siege Engineers
36:32 Houfnice
38:25 Fletching
38:50 Leather Archer Armor
40:47 Wagenburg Tactics
nicetobeatyou
10:22 Feudal Age
13:12 Castle Age
10:55 Horse Collar
12:08 Double-Bit Axe
19:11 Scale Barding Armor
21:00 Forging
21:38 Wheelbarrow
23:10 Bow Saw
23:28 Bloodlines
24:34 Heavy Plow
26:15 Chain Barding Armor
26:58 Husbandry
27:29 Gold Mining
28:13 Loom
29:45 Stone Mining
32:43 Imperial Age
32:03 Iron Casting
32:06 Hand Cart
31:48 Light Cavalry
32:56 Caravan
33:18 Fortified Wall
33:10 Fletching
33:12 Cavalier
33:32 Heavy Scorpion
34:27 Double Crossbow
34:52 Conscription
35:27 Siege Engineers
37:00 Town Watch
38:18 Chemistry
38:11 Elite Ballista Elephant
39:30 Coinage
40:59 Banking
40:37 Bodkin Arrow
40:43 Padded Archer Armor
41:49 Blast Furnace
41:25 Plate Barding Armor
42:20 Tusk Swords
3046964519
9:39 Feudal Age
7:59 Loom
10:27 Double-Bit Axe
13:14 Castle Age
20:08 Horse Collar
22:38 Fervor
22:50 Sanctity
23:09 Squires
23:49 Wheelbarrow
27:06 Bow Saw
27:00 Heavy Plow
30:26 Stone Mining
34:04 Hand Cart
34:36 Stone Shaft Mining
34:09 Treadmill Crane
38:54 Imperial Age
36:16 Fletching
36:51 Ballistics
37:05 Bodkin Arrow
37:11 Padded Archer Armor
39:10 Leather Archer Armor
39:01 Thumb Ring
40:26 Bracer
41:29 Chemistry
40:07 Champi Runner
41:17 Conscription
41:00 Herbalism
40:33 Elite Guecha Warrior
41:20 Gold Mining
42:06 Champi Warrior
42:52 Scale Mail Armor
43:03 Forging
42:50 Elite Champi Warrior
43:52 Chain Mail Armor
44:34 Crop Rotation
45:05 Two-Man Saw
44:40 Gold Shaft Mining
44:39 Masonry
巨大豚
10:10 Feudal Age
14:01 Castle Age
12:19 Double-Bit Axe
14:11 Fletching
15:19 Bodkin Arrow
16:41 Crossbowman
19:36 Bow Saw
19:53 Horse Collar
22:16 Gold Mining
22:44 Padded Archer Armor
24:02 Ballistics
23:54 Loom
24:44 Wheelbarrow
30:43 Town Watch
34:14 Imperial Age
35:00 Bracer
36:02 Chemistry
34:34 Arbalester
36:48 Leather Archer Armor
38:32 Siege Engineers
41:22 Conscription
羅鈸棒
7:33 Loom
9:43 Feudal Age
9:47 Man-at-Arms
11:24 Town Watch
12:59 Double-Bit Axe
22:15 Castle Age
40:13 Wheelbarrow
43:48 Bow Saw
44:10 Gold Mining
Umi
10:46 Feudal Age
15:07 Castle Age
12:54 Horse Collar
13:30 Double-Bit Axe
16:26 Heavy Plow
19:45 Bow Saw
22:28 Wheelbarrow
21:49 Stone Mining
23:22 Gold Mining
25:24 Loom
26:10 Scale Barding Armor
26:44 Bloodlines
26:34 Husbandry
27:19 Chain Barding Armor
27:11 Forging
27:10 Szlachta Privileges
29:57 Iron Casting
30:11 Scale Mail Armor
34:24 Imperial Age
32:20 Chain Mail Armor
33:31 Stone Shaft Mining
33:08 Squires
32:53 Arson
34:47 Hand Cart
34:17 Town Watch
35:44 Plate Mail Armor
34:55 Cavalier
35:12 Elite Obuch
37:24 Blast Furnace
36:19 Cavalier
37:29 Conscription
37:49 Fletching
39:57 Hoardings
41:45 Chemistry
TSAO BING
8:49 Loom
10:35 Feudal Age
12:30 Loom
15:11 Castle Age
13:30 Horse Collar
14:57 Bloodlines
23:01 Double-Bit Axe
25:50 Wheelbarrow
25:59 Husbandry
26:43 Town Watch
28:50 Scale Barding Armor
30:38 Hand Cart
35:01 Imperial Age
34:05 Chain Barding Armor
33:55 Forging
34:00 Masonry
35:27 Bow Saw
34:43 Heavy Camel Rider
36:10 Iron Casting
39:58 Blast Furnace
39:34 Plate Barding Armor
41:17 Fletching
42:19 Town Patrol
Connection lost

Rejoining the realm…

Still unreachable

The connection could not be restored.

Session expired

The server has moved on; the page needs a fresh start.